[Event "ICC tourney 1955 (60 10)"]
[Site "Internet Chess Club"]
[Date "2020.08.07"]
[Round "3"]
[White "minitotoro"]
[Black "liguowh"]
[Result "0-1"]
[ICCResult "White resigns"]
[WhiteElo "1590"]
[BlackElo "1944"]
[Opening "Trompowsky attack (Ruth, Opocenský opening)"]
[ECO "A45"]
[NIC "QP.07"]
[Time "18:32:46"]
[TimeControl "3600+10"]

1. d4 Nf6 2. Bg5 e6 3. Bxf6 Qxf6 4. c4 c5 5. e3 Nc6 6. Nf3 cxd4 7. exd4 Bb4+
8. Nc3 O-O 9. Be2 d5 10. cxd5 exd5 11. a3 Bxc3+ 12. bxc3 Bg4 13. O-O Rfe8
14. Rb1 Re7 15. Qd2 Rae8 16. Rfe1 h6 17. h3 Bh5 18. g4 Bg6 19. Rb5 b6 20.
Nh2 Qh4 21. Kg2 Re6 22. Rb2 Na5 23. Nf3 Be4 24. Qf4 Qe7 25. Ra2 Rf6 26. Qe5
Qd7 {White resigns} 0-1

[Event "ICC tourney 1955 (60 10)"]
[Site "Internet Chess Club"]
[Date "2020.08.07"]
[Round "3"]
[White "Kausy"]
[Black "rohu333"]
[Result "1-0"]
[ICCResult "Black resigns"]
[WhiteElo "1731"]
[BlackElo "1781"]
[Opening "Scandinavian: Pytel-Wade variation"]
[ECO "B01"]
[NIC "SD.02"]
[Time "18:33:23"]
[TimeControl "3600+10"]

1. e4 d5 2. exd5 Qxd5 3. Nc3 Qd6 4. d4 c6 5. Nf3 Bg4 6. Be2 Nf6 7. O-O e6 8.
Be3 Nbd7 9. h3 Bh5 10. Qd2 Qc7 11. Rad1 Bd6 12. Ne1 Bg6 13. Nd3 O-O 14. Nf4
Ne4 15. Nxe4 Bxe4 16. c4 Nf6 17. c5 Be7 18. Bd3 Rfd8 19. Qc2 Bxd3 20. Nxd3
Nd5 21. Qd2 Bf6 22. Bg5 Rd7 23. Bxf6 Nxf6 24. Ne5 Rd5 25. Qe3 Rad8 26. f4
Qa5 27. a3 Qa4 28. b4 Qc2 29. Rd3 Ne8 30. f5 Nc7 31. fxe6 Nxe6 32. Nxf7 Rf8
33. Qxe6 Qxd3 34. Nh6+ {Black resigns} 1-0

[Event "ICC tourney 1955 (60 10)"]
[Site "Internet Chess Club"]
[Date "2020.08.07"]
[Round "3"]
[White "Tombstone"]
[Black "divy7"]
[Result "1/2-1/2"]
[ICCResult "Game drawn by mutual agreement"]
[WhiteElo "2003"]
[BlackElo "1712"]
[Opening "Budapest: Adler variation"]
[ECO "A52"]
[NIC "QG.01"]
[Time "18:32:49"]
[TimeControl "3600+10"]

1. d4 Nf6 2. c4 e5 3. dxe5 Ng4 4. Nf3 Bc5 5. e3 Nc6 6. a3 a5 7. Nc3 Ngxe5 8.
Nxe5 Nxe5 9. Be2 d6 10. Ne4 Be6 11. b3 Bb6 12. Bb2 O-O 13. c5 Qh4 14. Bxe5
dxe5 15. cxb6 Qxe4 16. Bf3 Qg6 17. bxc7 Rac8 18. Rc1 e4 19. Be2 Qxg2 20. Rf1
Qxh2 21. Qc2 Rfe8 {Game drawn by mutual agreement} 1/2-1/2

[Event "ICC tourney 1955 (60 10)"]
[Site "Internet Chess Club"]
[Date "2020.08.07"]
[Round "3"]
[White "agpil"]
[Black "fluffypillow73"]
[Result "0-1"]
[ICCResult "White checkmated"]
[WhiteElo "1819"]
[BlackElo "2055"]
[Opening "Caro-Kann: advance variation"]
[ECO "B12"]
[NIC "CK.02"]
[Time "18:33:03"]
[TimeControl "3600+10"]

1. e4 c6 2. d4 d5 3. e5 c5 4. dxc5 e6 5. a3 Bxc5 6. Nf3 Nd7 7. Bd3 f6 8. b4
Bb6 9. Bb2 fxe5 10. Nxe5 Nxe5 11. Bxe5 Qg5 12. Bg3 Ne7 13. O-O O-O 14. Nd2
e5 15. Nf3 Rxf3 16. gxf3 h5 17. Qc1 Qf6 18. Re1 h4 19. Bxe5 Qxf3 20. Qf4
Bxf2+ 21. Kf1 Bh3# {White checkmated} 0-1

[Event "ICC tourney 1955 (60 10)"]
[Site "Internet Chess Club"]
[Date "2020.08.07"]
[Round "3"]
[White "BreatheChessAls"]
[Black "peekaboopenguin"]
[Result "1-0"]
[ICCResult "Black checkmated"]
[WhiteElo "1953"]
[BlackElo "1692"]
[Opening "Queen's pawn, Mason variation"]
[ECO "D00"]
[NIC "QP.08"]
[Time "18:32:10"]
[TimeControl "3600+10"]

1. d4 d5 2. Bf4 e6 3. e3 Nf6 4. Nd2 Be7 5. h3 b6 6. Ngf3 Bb7 7. c3 Nbd7 8.
Bd3 O-O 9. O-O c5 10. Ne5 Nxe5 11. dxe5 Nd7 12. Nf3 Qc7 13. Bb1 Rfd8 14. Nh2
Nxe5 15. Qh5 Bf6 16. Ng4 Nf3+ 17. gxf3 Qc6 18. Nxf6+ gxf6 19. Qh6 Rd7 20.
Kh2 f5 21. Rg1+ Kh8 22. Qg7# {Black checkmated} 1-0

[Event "ICC tourney 1955 (60 10)"]
[Site "Internet Chess Club"]
[Date "2020.08.07"]
[Round "3"]
[White "mathewjiang"]
[Black "tigertiger2019"]
[Result "0-1"]
[ICCResult "White checkmated"]
[WhiteElo "1792"]
[BlackElo "1718"]
[Opening "Grünfeld: 5.e3"]
[ECO "D94"]
[NIC "GI.09"]
[Time "18:33:23"]
[TimeControl "3600+10"]

1. d4 Nf6 2. c4 g6 3. Nc3 d5 4. Nf3 Bg7 5. e3 O-O 6. Be2 c6 7. O-O dxc4 8.
Bxc4 b5 9. Bd3 Bb7 10. Qe2 a6 11. b3 c5 12. Bb2 cxd4 13. Nxd4 e5 14. Ndxb5
axb5 15. Bxb5 Ba6 16. Rfd1 Qb6 17. Rac1 Bxb5 18. Qxb5 Qxb5 19. Nxb5 Rxa2 20.
Bxe5 Ra5 21. Bxf6 Bxf6 22. Nd4 Ra3 23. b4 Bxd4 24. exd4 Rb3 25. Rc4 Na6 26.
d5 Rxb4 27. Rc6 Nb8 28. Rc7 Rd8 29. d6 Rb6 30. d7 Rc6 31. Rb7 Kg7 32. h3 Na6
33. g3 Rc7 34. Rb6 Nc5 35. Rbd6 Rcxd7 36. Rxd7 Rxd7 37. Rxd7 Nxd7 38. Kg2
Kf6 39. Kf3 Ke5 40. Ke3 f5 41. f4+ Kd5 42. g4 Nf6 43. Kf3 h5 44. g5 Ne4 45.
Ke3 Kc4 46. Ke2 Kd4 47. Kf3 Kd3 48. h4 Kd2 49. Kg2 Ke3 50. Kh3 Kxf4 51. Kg2
Nxg5 52. hxg5 Kxg5 53. Kg3 f4+ 54. Kf3 h4 55. Kg2 Kg4 56. Kf2 f3 57. Kg1 h3
58. Kh1 f2 59. Kh2 Kf3 60. Kh1 f1=Q+ 61. Kh2 Qg2# {White checkmated} 0-1

[Event "ICC tourney 1955 (60 10)"]
[Site "Internet Chess Club"]
[Date "2020.08.07"]
[Round "3"]
[White "harkerchess"]
[Black "investigator"]
[Result "1/2-1/2"]
[ICCResult "Game drawn by mutual agreement"]
[WhiteElo "1935"]
[BlackElo "2066"]
[Opening "Trompowsky attack (Ruth, Opocenský opening)"]
[ECO "A45"]
[NIC "QP.07"]
[Time "18:32:26"]
[TimeControl "3600+10"]

1. d4 Nf6 2. Bg5 g6 3. Bxf6 exf6 4. c4 Bg7 5. Nc3 O-O 6. g3 c6 7. Bg2 Na6 8.
e3 Nc7 9. Nge2 d5 10. c5 b6 11. b4 bxc5 12. bxc5 f5 13. O-O Ba6 14. Qa4 Qd7
15. Rfc1 Bc4 16. Rab1 Nb5 17. Nf4 Nxc3 18. Rxc3 Rab8 19. Rcc1 Bh6 20. Bf1
Bxf1 21. Rxf1 Bxf4 22. exf4 Rb7 23. Qc2 Rfb8 24. Kg2 Rb4 25. a3 R4b5 26.
Rfe1 f6 27. Qd3 R5b7 28. h4 h5 29. Rxb7 Rxb7 30. Rb1 Kf7 31. Rb3 Qe7 32. Qb1
Rxb3 33. Qxb3 Qe4+ 34. Kg1 Qe1+ 35. Kg2 {Game drawn by mutual agreement}
1/2-1/2

[Event "ICC tourney 1955 (60 10)"]
[Site "Internet Chess Club"]
[Date "2020.08.07"]
[Round "3"]
[White "hursha6b5"]
[Black "Roger436"]
[Result "1-0"]
[ICCResult "Black resigns"]
[WhiteElo "1923"]
[BlackElo "1569"]
[Opening "Sicilian: accelerated fianchetto, modern variation with Bc4"]
[ECO "B35"]
[NIC "SI.33"]
[Time "18:32:18"]
[TimeControl "3600+10"]

1. e4 c5 2. Nf3 Nc6 3. d4 cxd4 4. Nxd4 g6 5. Nc3 Bg7 6. Be3 Nf6 7. Bc4 Qa5
8. O-O O-O 9. Bb3 d6 10. h3 Bd7 11. f4 Nxd4 12. Bxd4 Bc6 13. Qd3 Nd7 14.
Bxg7 Kxg7 15. Qd4+ Kg8 16. Kh1 Nc5 17. Bd5 Qc7 18. f5 e6 19. Bxc6 bxc6 20.
f6 Rfb8 21. b3 a5 22. Rad1 Nb7 23. Qe3 Qd8 24. Na4 d5 25. Nb6 Ra6 26. Nd7
Nd6 27. Nxb8 Qxb8 28. exd5 cxd5 29. Qh6 Qf8 30. Qxf8+ Kxf8 31. Rfe1 Ke8 32.
Rxd5 Kd7 33. Rd3 Kc7 34. Red1 Rc6 35. c4 Ne4 36. Kg1 Nxf6 37. Rf1 e5 38.
Rdf3 Nd7 39. Rxf7 h5 40. Rd1 Rd6 41. Rxd6 Kxd6 42. Rxd7+ Kxd7 43. Kf2 Kd6
44. Ke3 Kc5 45. a3 a4 46. bxa4 Kxc4 47. Ke4 {Black resigns} 1-0

[Event "ICC tourney 1955 (60 10)"]
[Site "Internet Chess Club"]
[Date "2020.08.07"]
[Round "3"]
[White "raghuraja"]
[Black "runtilmorrow1"]
[Result "0-1"]
[ICCResult "White resigns"]
[WhiteElo "1770"]
[BlackElo "2042"]
[Opening "Benkö gambit half accepted"]
[ECO "A57"]
[NIC "BI.43"]
[Time "18:32:52"]
[TimeControl "3600+10"]

1. d4 Nf6 2. c4 c5 3. d5 b5 4. cxb5 a6 5. e3 g6 6. bxa6 Bxa6 7. Bxa6 Rxa6 8.
Nc3 Bg7 9. Nf3 O-O 10. O-O d6 11. Qc2 Nbd7 12. e4 Ng4 13. h3 Nge5 14. Nxe5
Nxe5 15. b3 Qa5 16. Bb2 Rb8 17. Ne2 c4 18. f4 cxb3 19. axb3 Qb6+ 20. Bd4
Nf3+ 21. gxf3 Bxd4+ 22. Nxd4 Qxd4+ 23. Qf2 Qxa1 24. Rxa1 Rxa1+ 25. Kg2 Rxb3
26. Qc2 Raa3 27. Qc8+ Kg7 28. Qd7 Rxf3 29. Qb5 Rfb3 30. Qe2 Rg3+ 31. Kf2
Rxh3 32. Qb2+ Kh6 33. Qd4 Rhd3 34. Qb2 Rf3+ 35. Kg2 Rg3+ 36. Kh2 Rh3+ 37.
Kg1 Rag3+ 38. Kf1 Rh1+ 39. Kf2 Rh2+ 40. Kxg3 Rxb2 {White resigns} 0-1

[Event "ICC tourney 1955 (60 10)"]
[Site "Internet Chess Club"]
[Date "2020.08.07"]
[Round "3"]
[White "albli"]
[Black "Terminator100"]
[Result "1/2-1/2"]
[ICCResult "Game drawn by mutual agreement"]
[WhiteElo "1767"]
[BlackElo "1888"]
[Opening "Sicilian: accelerated fianchetto, modern variation"]
[ECO "B34"]
[NIC "SI.33"]
[Time "18:39:45"]
[TimeControl "3600+10"]

1. e4 c5 2. Nf3 Nc6 3. d4 cxd4 4. Nxd4 g6 5. Nc3 Bg7 6. Be3 d6 7. Bc4 Nf6 8.
O-O O-O 9. Bb3 Bd7 10. a3 Rc8 11. h3 a6 12. f4 Qc7 13. Qf3 Nxd4 14. Bxd4 Bc6
15. Rad1 Nd7 16. Qf2 e5 17. fxe5 Nxe5 18. Bxe5 Bxe5 19. Nd5 Bxd5 20. Bxd5
Bxb2 21. Rb1 Qc3 22. Bxb7 Qe5 23. Rxb2 Qxb2 24. Bxc8 Rxc8 25. Qxf7+ Kh8 26.
Qf6+ Qxf6 27. Rxf6 Rd8 28. c3 Kg7 29. Rf3 Re8 30. Rd3 Rxe4 31. Rxd6 Ra4 32.
Rd7+ Kh6 33. Kf2 Rxa3 34. c4 a5 35. c5 Rc3 36. Rc7 a4 37. c6 a3 38. Ra7 Rc2+
39. Kg3 a2 40. c7 Rc3+ 41. Kh2 Rxc7 42. Rxa2 Rc3 43. Rf2
{Game drawn by mutual agreement}
1/2-1/2

[Event "ICC tourney 1955 (60 10)"]
[Site "Internet Chess Club"]
[Date "2020.08.07"]
[Round "3"]
[White "aauman"]
[Black "joeandjoe56"]
[Result "0-1"]
[ICCResult "White checkmated"]
[WhiteElo "1586"]
[BlackElo "1820"]
[Opening "Neo-Grünfeld, 6.O-O"]
[ECO "D77"]
[NIC "GI.02"]
[Time "18:32:20"]
[TimeControl "3600+10"]

1. Nf3 Nf6 2. d4 g6 3. g3 Bg7 4. Bg2 O-O 5. c4 d5 6. O-O c5 7. Nc3 Nc6 8.
cxd5 Nxd5 9. Nxd5 Qxd5 10. dxc5 Qxc5 11. Be3 Qa5 12. Bd2 Qb5 13. Bc3 Bxc3
14. bxc3 Rd8 15. Qc2 Bf5 16. e4 Be6 17. Rab1 Qa6 18. a4 Bc4 19. Ne1 Ne5 20.
Rb4 Bxf1 21. Bxf1 Qc6 22. Bb5 Qd6 23. Kg2 Rac8 24. Rd4 Qc5 25. Rxd8+ Rxd8
26. f4 Ng4 27. Qc1 Qf2+ 28. Kh3 Qxh2+ 29. Kxg4 Qh5# {White checkmated} 0-1

[Event "ICC tourney 1955 (60 10)"]
[Site "Internet Chess Club"]
[Date "2020.08.07"]
[Round "3"]
[White "jairam09"]
[Black "Baseballchamp"]
[Result "1-0"]
[ICCResult "Black checkmated"]
[WhiteElo "1931"]
[BlackElo "1989"]
[Opening "Queen's pawn, Mason variation"]
[ECO "D00"]
[NIC "QP.08"]
[Time "18:33:23"]
[TimeControl "3600+10"]

1. d4 d5 2. Bf4 Bf5 3. e3 e6 4. Nd2 Nf6 5. Ngf3 Bd6 6. Bxd6 Qxd6 7. Be2 O-O
8. O-O Nbd7 9. c4 c6 10. Nh4 Be4 11. f3 Bg6 12. Nxg6 hxg6 13. c5 Qe7 14. Re1
e5 15. Bf1 Rfe8 16. Qc2 Nh5 17. b4 exd4 18. exd4 Qf6 19. Nb3 Nf4 20. a4 Nf8
21. Rad1 Rxe1 22. Rxe1 N8e6 23. Rd1 Ng5 24. b5 Re8 25. Na5 Re7 26. Qb2 Qe6
27. bxc6 Qe3+ 28. Qf2 Nfh3+ 29. gxh3 Nxf3+ 30. Kg2 Ne1+ 31. Rxe1 Qxe1 32.
Qxe1 Rxe1 33. cxb7 Rb1 34. Bb5 Rb2+ 35. Kg3 g5 36. b8=Q+ Kh7 37. Bd3+ Kh6
38. Qd6+ g6 39. Qf8+ Kh7 40. Qxf7+ Kh8 41. Bxg6 Rb3+ 42. Nxb3 g4 43. Qh7#
{Black checkmated}
1-0

[Event "ICC tourney 1955 (60 10)"]
[Site "Internet Chess Club"]
[Date "2020.08.07"]
[Round "3"]
[White "mydogeatschess"]
[Black "andrewjiang2"]
[Result "0-1"]
[ICCResult "White resigns"]
[WhiteElo "1878"]
[BlackElo "2079"]
[Opening "Four knights: Scotch, 4...exd4"]
[ECO "C47"]
[NIC "KP.06"]
[Time "18:33:17"]
[TimeControl "3600+10"]

1. e4 e5 2. Nf3 Nc6 3. Nc3 Nf6 4. d4 exd4 5. Nxd4 Bb4 6. Nxc6 bxc6 7. Bd3
O-O 8. O-O d6 9. Qf3 h6 10. h3 Bb7 11. Ne2 Re8 12. c3 Bc5 13. Nd4 Bxd4 14.
cxd4 c5 15. dxc5 dxc5 16. Be3 Qxd3 17. Bxc5 Qxe4 18. Qg3 Nh5 19. Qh2 Nf4 20.
f3 Qf5 21. Bb4 Re2 22. Bc3 {White resigns} 0-1

[Event "ICC tourney 1955 (60 10)"]
[Site "Internet Chess Club"]
[Date "2020.08.07"]
[Round "3"]
[White "Elieman"]
[Black "playerlucky"]
[Result "1-0"]
[ICCResult "Black resigns"]
[WhiteElo "2066"]
[BlackElo "1909"]
[Opening "French: Steinitz, Boleslavsky variation"]
[ECO "C11"]
[NIC "FR.04"]
[Time "18:32:23"]
[TimeControl "3600+10"]

1. e4 e6 2. d4 d5 3. Nc3 Nf6 4. e5 Nfd7 5. f4 c5 6. Nf3 Nc6 7. Be3 Qb6 8. a3
cxd4 9. Nxd4 Nxd4 10. Bxd4 Qc6 11. Bd3 a6 12. O-O g6 13. Qg4 Nc5 14. Kh1
Nxd3 15. cxd3 b5 16. Rac1 Qb7 17. Rf2 Be7 18. Rfc2 Bd7 19. Qf3 Rc8 20. g4
O-O 21. f5 exf5 22. Nxd5 Bc6 23. Nxe7+ Qxe7 24. Rxc6 Rxc6 25. Rxc6 fxg4 26.
Qxg4 Qd8 27. Qe4 Qa8 28. Kg1 Rc8 29. Rxc8+ Qxc8 30. Bc3 Qd8 31. h4 Qb6+ 32.
Qd4 Qe6 33. Qd8+ Kg7 34. Qf6+ {Black resigns} 1-0

[Event "ICC tourney 1955 (60 10)"]
[Site "Internet Chess Club"]
[Date "2020.08.07"]
[Round "3"]
[White "KnightHawk8"]
[Black "KylanHuang"]
[Result "1-0"]
[ICCResult "Black checkmated"]
[WhiteElo "2113"]
[BlackElo "1843"]
[Opening "Giuoco Piano"]
[ECO "C54"]
[NIC "IG.02"]
[Time "18:32:54"]
[TimeControl "3600+10"]

1. e4 e5 2. Nf3 Nc6 3. Bc4 Bc5 4. c3 Nf6 5. d3 d6 6. Nbd2 a6 7. Bb3 Ba7 8.
O-O Ne7 9. Re1 Ng6 10. Nf1 O-O 11. Ng3 b5 12. a4 Ng4 13. d4 Bb7 14. axb5
axb5 15. Bg5 Qd7 16. h3 h6 17. Nh4 Nf4 18. Bxf4 exf4 19. Nh5 Nf6 20. Nxf6+
gxf6 21. Nf5 Bxe4 22. Qg4+ Kh7 23. Qg7# {Black checkmated} 1-0

[Event "ICC tourney 1955 (60 10)"]
[Site "Internet Chess Club"]
[Date "2020.08.07"]
[Round "3"]
[White "tclaneva"]
[Black "Knightboy123"]
[Result "1-0"]
[ICCResult "Black checkmated"]
[WhiteElo "1938"]
[BlackElo "1638"]
[Opening "Sicilian: Najdorf, 7.f4"]
[ECO "B96"]
[NIC "SI.06"]
[Time "18:32:53"]
[TimeControl "3600+10"]

1. e4 c5 2. Nf3 d6 3. d4 cxd4 4. Nxd4 Nf6 5. Nc3 a6 6. Bg5 e6 7. f4 Nbd7 8.
Qf3 h6 9. Bh4 Qc7 10. O-O-O b5 11. Bd3 Bb7 12. g4 Be7 13. g5 hxg5 14. Bxg5
Qc5 15. Nb3 Qc7 16. h4 Rc8 17. h5 Nc5 18. Nxc5 Qxc5 19. h6 g6 20. Qe2 b4 21.
Nb1 a5 22. Rhf1 Ng8 23. Bxe7 Nxe7 24. f5 exf5 25. exf5 gxf5 26. Rde1 Rc7 27.
Rxf5 Qd4 28. Qh5 Qxd3 29. Rxe7+ Kxe7 30. Qxf7+ Kd8 31. Qf6+ Kd7 32. Qg7+ Ke6
33. Rf6+ Ke5 34. Qg5+ Kd4 35. Rxd6+ Ke4 36. Rxd3 Rf8 37. Nd2# {Black
checkmated} 1-0

[Event "ICC tourney 1955 (60 10)"]
[Site "Internet Chess Club"]
[Date "2020.08.07"]
[Round "3"]
[White "Lonestarpawn"]
[Black "nboad"]
[Result "0-1"]
[ICCResult "White resigns"]
[WhiteElo "1910"]
[BlackElo "1817"]
[Opening "Sicilian: accelerated fianchetto, modern variation with Bc4"]
[ECO "B35"]
[NIC "SI.33"]
[Time "18:32:35"]
[TimeControl "3600+10"]

1. e4 c5 2. Nf3 Nc6 3. d4 cxd4 4. Nxd4 g6 5. Nc3 Bg7 6. Be3 Nf6 7. Bc4 O-O
8. Bb3 d6 9. f3 Bd7 10. Qd2 Nxd4 11. Bxd4 b5 12. O-O-O a5 13. Nd5 a4 14.
Nxf6+ Bxf6 15. Bd5 Bxd4 16. Qxd4 Rb8 17. e5 e6 18. Be4 d5 19. Bd3 Qa5 20. h4
b4 21. h5 b3 22. cxb3 axb3 23. a3 g5 24. Qe3 h6 25. f4 Rfc8+ 26. Kb1 Qc5 27.
Qg3 Qe7 28. Rh4 f6 29. exf6 Qxf6 30. Rg4 Rc2 31. Rxg5+ hxg5 32. Qxg5+ Qxg5
33. fxg5 Rxg2 34. g6 Rh2 {White resigns} 0-1

[Event "ICC tourney 1955 (60 10)"]
[Site "Internet Chess Club"]
[Date "2020.08.07"]
[Round "3"]
[White "abi2009"]
[Black "sirking2800"]
[Result "0-1"]
[ICCResult "White resigns"]
[WhiteElo "1777"]
[BlackElo "2012"]
[Opening "Four knights: Italian variation"]
[ECO "C55"]
[NIC "IG.01"]
[Time "18:33:02"]
[TimeControl "3600+10"]

1. e4 e5 2. Nf3 Nc6 3. Bc4 Nf6 4. Nc3 Nxe4 5. Bxf7+ Kxf7 6. Nxe4 d5 7. Ng3
Bc5 8. O-O e4 9. d4 Be7 10. Ne5+ Nxe5 11. dxe5 Rf8 12. f4 exf3 13. Rxf3+ Kg8
14. Rxf8+ Bxf8 15. Be3 Be6 16. Qf3 c5 17. Rd1 Qc7 18. Bf4 Be7 19. h3 Rf8 20.
Qe3 c4 21. Kh2 Bc5 22. Qd2 Qb6 23. c3 h6 24. Re1 Qa5 25. b4 cxb3 26. axb3 d4
27. b4 dxc3 28. bxa5 cxd2 29. Bxd2 Rd8 30. Ne4 Bd4 31. Bc3 Bxc3 32. Nxc3 Rd3
33. Nb5 a6 34. Nc7 Kf7 35. Rb1 Rd7 36. Na8 Bf5 37. Rb6 Ke7 38. g4 Be4 39.
Rb4 Bc6 40. Nb6 Rd2+ 41. Kg3 g5 42. h4 Rd3+ 43. Kh2 Rd2+ 44. Kg3 Rd3+ 45.
Kh2 gxh4 46. Rf4 Ke6 47. Rf6+ Kxe5 48. Rxh6 Kf4 49. Nc4 Rc3 50. Nd6 Rc2+ 51.
Kh3 Rc1 52. Rf6+ Ke5 53. g5 Rh1+ 54. Kg4 Bd7+ 55. Kf3 Rf1+ 56. Kg2 Rxf6 57.
Nc4+ Ke6 58. gxf6 Kxf6 59. Nd6 Ke5 60. Nf7+ Kd5 61. Ng5 Kc5 62. Nf3 Bc6 63.
Kf2 Bxf3 64. Kxf3 Kb5 65. Kg4 Kxa5 66. Kxh4 Kb4 67. Kg3 Kc3 {White resigns}
0-1

[Event "ICC tourney 1955 (60 10)"]
[Site "Internet Chess Club"]
[Date "2020.08.07"]
[Round "3"]
[White "checkninja"]
[Black "aghilan"]
[Result "1/2-1/2"]
[ICCResult "Game drawn by repetition"]
[WhiteElo "1974"]
[BlackElo "1865"]
[Opening "Giuoco Piano"]
[ECO "C50"]
[NIC "IG.02"]
[Time "18:32:15"]
[TimeControl "3600+10"]

1. e4 e5 2. Nf3 Nc6 3. Bc4 Bc5 4. O-O Nf6 5. d3 d6 6. c3 O-O 7. h3 h6 8.
Nbd2 Be6 9. Bb5 Bb6 10. Re1 a6 11. Ba4 Nh7 12. Nf1 f5 13. Bb3 Qd7 14. exf5
Rxf5 15. Be3 Bxe3 16. Rxe3 Re8 17. Ng3 Rf7 18. Bxe6 Rxe6 19. Qb3 Na5 20. Qd5
Nc6 21. Qb3 Na5 22. Qa3 Nc6 23. Qb3 Na5 {Game drawn by repetition} 1/2-1/2

[Event "ICC tourney 1955 (60 10)"]
[Site "Internet Chess Club"]
[Date "2020.08.07"]
[Round "3"]
[White "Gfprasanna"]
[Black "chessisthebest1"]
[Result "1-0"]
[ICCResult "Black checkmated"]
[WhiteElo "2139"]
[BlackElo "1883"]
[Opening "Sicilian: Alapin's variation (2.c3)"]
[ECO "B22"]
[NIC "SI.46"]
[Time "18:33:00"]
[TimeControl "3600+10"]

1. e4 c5 2. c3 d5 3. exd5 Qxd5 4. Nf3 g6 5. d4 Bg7 6. Be3 cxd4 7. Nxd4 Nc6
8. Nxc6 Qxd1+ 9. Kxd1 bxc6 10. Bd3 Be6 11. Kc2 Bd5 12. f3 e5 13. Nd2 Ne7 14.
Rhe1 f5 15. Bc5 Kd7 16. Nc4 Bxc4 17. Bxc4 Rhd8 18. Rad1+ Ke8 19. Rxd8+ Kxd8
20. Bd6 f4 21. Be6 g5 22. Bxe5 Bxe5 23. Rxe5 h6 24. Re2 Kc7 25. Rd2 Rd8 26.
Rxd8 Kxd8 27. Kd3 Kc7 28. Ke4 Kd6 29. Bf7 a6 30. b4 Nd5 31. Bxd5 cxd5+ 32.
Kf5 Kc6 33. Ke5 h5 34. a4 h4 35. h3 a5 36. bxa5 Kc5 37. a6 Kb6 38. Kxd5 Kxa6
39. c4 Kb6 40. c5+ Kc7 41. c6 Kc8 42. Kd6 Kd8 43. c7+ Kc8 44. a5 g4 45. hxg4
h3 46. gxh3 Kb7 47. Kd7 Ka6 48. c8=Q+ Kxa5 49. Qb8 Ka4 50. Kc6 Ka3 51. Kc5
Ka2 52. Kc4 Ka1 53. Kc3 Ka2 54. Qb2# {Black checkmated} 1-0

[Event "ICC tourney 1955 (60 10)"]
[Site "Internet Chess Club"]
[Date "2020.08.07"]
[Round "3"]
[White "Zwish"]
[Black "skywise"]
[Result "1-0"]
[ICCResult "Black resigns"]
[WhiteElo "1958"]
[BlackElo "1718"]
[Opening "Anderssen's opening"]
[ECO "A00"]
[NIC "VO.14"]
[Time "18:33:23"]
[TimeControl "3600+10"]

1. a3 d5 2. Nf3 Nf6 3. e3 c5 4. c4 e6 5. b3 g6 6. Bb2 Bg7 7. Qc2 Nc6 8. cxd5
Qxd5 9. Nc3 Qd8 10. Na4 b6 11. b4 Bd7 12. bxc5 bxc5 13. Nxc5 Rc8 14. Ba6 Rc7
15. Nb7 Qb8 16. Nd6+ Ke7 17. Nb5 Rb7 18. Bxb7 Qxb7 19. Qc5+ Kd8 20. Ng5 Be8
21. Rb1 h6 22. Nd6 Qc7 23. Nb7+ Kc8 24. Bxf6 Bxf6 25. Nd6+ Kd8 26. Ngxf7+
Bxf7 27. Nxf7+ Qxf7 28. Qxc6 Qc7 29. Qxc7+ Kxc7 30. Ke2 Kd6 31. Rb7
{Black resigns}
1-0

[Event "ICC tourney 1955 (60 10)"]
[Site "Internet Chess Club"]
[Date "2020.08.07"]
[Round "3"]
[White "hilariouspanda"]
[Black "oregonchessguy"]
[Result "0-1"]
[ICCResult "White checkmated"]
[WhiteElo "2066"]
[BlackElo "1951"]
[Opening "Queen's pawn, Mason variation"]
[ECO "D00"]
[NIC "QP.08"]
[Time "18:33:01"]
[TimeControl "3600+10"]

1. d4 d5 2. Bf4 Nf6 3. e3 c5 4. c3 Nc6 5. Nd2 e6 6. Ngf3 Bd6 7. Ne5 Qc7 8.
Ndf3 Nd7 9. Nxd7 Bxd7 10. Bg3 c4 11. Qc2 O-O 12. e4 f6 13. Be2 b5 14. O-O
Bxg3 15. hxg3 b4 16. exd5 exd5 17. b3 cxb3 18. Qxb3 Qd6 19. cxb4 Nxb4 20. a3
Nc6 21. Rfc1 Rab8 22. Qa2 Bg4 23. Rab1 Rxb1 24. Rxb1 Re8 25. Rb5 h6 26. Kf1
Ne7 27. Bd1 Rb8 28. Rc5 Kf8 29. Bb3 Qa6+ 30. Kg1 Bxf3 31. gxf3 Qd3 32. Bxd5
Rb1+ 33. Kh2 Qd1 34. f4 Qh5+ 35. Kg2 Qh1# {White checkmated} 0-1

[Event "ICC tourney 1955 (60 10)"]
[Site "Internet Chess Club"]
[Date "2020.08.07"]
[Round "3"]
[White "saiabhi29"]
[Black "salamenceg"]
[Result "1-0"]
[ICCResult "Black resigns"]
[WhiteElo "2060"]
[BlackElo "1064"]
[Opening "Queen's pawn: London system"]
[ECO "A45"]
[NIC "QP.07"]
[Time "18:33:23"]
[TimeControl "3600+10"]

1. d4 Nf6 2. Bf4 g6 3. Nc3 d5 4. e3 Bg7 5. h4 h5 6. Nf3 O-O 7. Be2 Nc6 8.
Ne5 Nxe5 9. Bxe5 c6 10. Qd2 a6 11. O-O-O Ng4 12. Bxg7 Kxg7 13. Bxg4 Bxg4 14.
f3 Bd7 15. Rhg1 Qb6 16. g4 Rh8 17. Qh2 f6 18. g5 Raf8 19. gxf6+ exf6 20. Qd6
Qd8 21. Qg3 Be8 22. e4 Bf7 23. Ne2 Qa5 24. a3 dxe4 25. fxe4 Qb5 26. Nf4 Re8
27. Nxg6 Rh6 28. Ne5+ Kf8 29. Qg7+ {Black resigns} 1-0

[Event "ICC tourney 1955 (60 10)"]
[Site "Internet Chess Club"]
[Date "2020.08.07"]
[Round "3"]
[White "Sina101"]
[Black "taupuri"]
[Result "1-0"]
[ICCResult "Black resigns"]
[WhiteElo "2180"]
[BlackElo "1888"]
[Opening "QGD semi-Slav: Meran, Wade variation"]
[ECO "D47"]
[NIC "SL.09"]
[Time "18:33:23"]
[TimeControl "3600+10"]

1. d4 d5 2. c4 c6 3. Nf3 Nf6 4. Nc3 e6 5. e3 Nbd7 6. Bd3 dxc4 7. Bxc4 b5 8.
Bd3 Bb7 9. e4 a6 10. e5 Nd5 11. Nxd5 cxd5 12. O-O Be7 13. Bd2 Nf8 14. g3 Qb6
15. Rc1 Nd7 16. h4 Nb8 17. Bg5 Bxg5 18. Nxg5 h6 19. Qh5 Rf8 20. Nxf7 Kd7 21.
Nd6 Bc6 22. Qg6 Kc7 23. Qxe6 Nd7 24. Qxd5 Rad8 25. Be4 Nb8 26. Rc2 Kd7 27.
e6+ Kc7 28. e7 Rxd6 29. exf8=Q Rxd5 30. Bxd5 Qxd4 31. Qe7+ Kb6 32. Qd8+ Ka7
33. Qc7+ {Black resigns} 1-0

[Event "ICC tourney 1955 (60 10)"]
[Site "Internet Chess Club"]
[Date "2020.08.07"]
[Round "3"]
[White "town"]
[Black "ajschess05"]
[Result "1/2-1/2"]
[ICCResult "Game drawn by mutual agreement"]
[WhiteElo "2122"]
[BlackElo "1986"]
[Opening "Sicilian: Taimanov (Bastrikov) variation"]
[ECO "B47"]
[NIC "SI.40"]
[Time "18:32:15"]
[TimeControl "3600+10"]

1. e4 c5 2. Nf3 e6 3. d4 cxd4 4. Nxd4 Nc6 5. Nc3 Qc7 6. Qd3 a6 7. Nxc6 bxc6
8. Qg3 Qxg3 9. hxg3 Bb4 10. Bd2 Nf6 11. e5 Nd5 12. Ne4 Bxd2+ 13. Kxd2 Ke7
14. c4 Nb6 15. Bd3 a5 16. a4 h6 17. g4 Ba6 18. b3 Nc8 19. f4 d5 20. exd6+
Nxd6 21. Nc5 Nb7 22. Ne4 Nd6 23. Nxd6 Kxd6 24. Kc3 c5 25. Be4 Rad8 26. Rh5
Rc8 27. Rah1 Rhf8 28. g5 hxg5 29. Rxg5 g6 30. g4 Rh8 31. Rxh8 Rxh8 32. f5
gxf5 33. gxf5 Rh3+ 34. Kb2 Rh2+ 35. Kc3 Rh3+ 36. Kb2
{Game drawn by mutual agreement}
1/2-1/2